 Dungeon Crawl Stone Soup version 0.18.1-48-g4cf74bf (webtiles) character file.

23043 PossumBlood the Fighter (level 13, -6/171 HPs)
             Began as a Formicid Fighter on Aug 25, 2016.
             Was a High Priest of Okawaru.
             Mangled by an orc knight
             ... wielding a +2 great mace of protection
              (17 damage)
             ... on level 2 of the Orcish Mines.
             The game lasted 00:49:35 (18625 turns).

PossumBlood the Fighter (Formicid Fighter)         Turns: 18625, Time: 00:49:36

Health: -6/171     AC: 26    Str: 26    XL:     13   Next: 32%
Magic:  21/22      EV:  2    Int: 10    God:    Okawaru [*****.]
Gold:   1088       SH: 14    Dex: 16    Spells: 0 memorised, 12 levels left

rFire  . . .     SeeInvis .     u - +4 whip of Fumud {freeze, MP+9 Str+2}
rCold  . . .     Gourm    .     (armour currently unavailable)
rNeg   + + +     Faith    .     c - +0 shield
rPois  +         Spirit   .     (helmet unavailable)
rElec  .         Dismiss  .     (cloak currently unavailable)
rCorr  .         Reflect  .     (gloves currently unavailable)
SustAt .         Harm     .     (boots currently unavailable)
MR     +....     Clarity  +     (no amulet)
Stlth  +++++.....               n - +6 ring of dexterity
                                d - +5 ring of evasion

@: tree-form, heroism, somewhat resistant to hostile enchantments, quite
stealthy
A: permanent stasis, dig shafts and tunnels, four strong arms, (antennae 0),
clarity
a: Heroism, Finesse, Renounce Religion


You were on level 2 of the Orcish Mines.
You worshipped Okawaru.
Okawaru was extremely pleased with you.
You were hungry.
You were a tree.
You visited 3 branches of the dungeon, and saw 16 of its levels.
You also visited: Ossuary and Bailey.

You collected 1571 gold pieces.
You spent 483 gold pieces at shops.

Inventory:

Hand Weapons
 u - the +4 whip of Fumud (weapon) {freeze, MP+9 Str+2}
   (You found it on level 9 of the Dungeon)

   It has been specially enchanted to freeze those struck by it, causing extra
   injury to most foes and up to half again as much damage against particularly
   susceptible opponents.
   It can also slow down cold-blooded creatures.
   It affects your strength (+2).
   It affects your magic capacity (+9).
 w - a +0 broad axe of freezing
 C - a +4 war axe
 K - a +2 battleaxe
Missiles
 l - 22 tomahawks (quivered)
 A - 5 tomahawks of returning
Armour
 b - a +0 pair of gloves (melded)
 c - a +0 shield (worn)
 e - a +1 cloak (melded)
 L - a +2 plate armour (melded)
Jewellery
 d - a +5 ring of evasion (left branch)
 h - an uncursed ring of magical power
 n - a +6 ring of dexterity (right branch)
 y - an uncursed ring of resist corrosion
 F - an uncursed ring of protection from cold
 G - an uncursed ring of protection from fire
 H - an uncursed amulet of dismissal
 M - an uncursed ring of poison resistance
 R - an uncursed amulet of the gourmand
Wands
 o - a wand of iceblast (12/15)
 B - a wand of digging (5/24)
 I - a wand of iceblast (8/15)
 J - a wand of enslavement (9/24)
 O - a wand of paralysis (15/24)
 P - a wand of disintegration (12/24)
 Q - a wand of disintegration (8/24)
 T - a wand of lightning (7/15)
 U - a wand of polymorph (7/24)
 W - a wand of lightning (7/15)
Scrolls
 m - 3 scrolls of amnesia
 v - 2 scrolls of remove curse
 z - 2 scrolls of recharging
 V - a scroll of identify
Potions
 i - a potion of degeneration {unknown}
 k - a potion of cure mutation
 p - a potion of brilliance
 t - 2 potions of agility
 x - a potion of haste
 E - a potion of invisibility
Books
 N - a book of Annihilations

   Spells                             Type                      Level
   a - Poison Arrow                   Conjuration/Poison           6
   b - Chain Lightning                Conjuration/Air              8
   c - Lehudib's Crystal Spear        Conjuration/Earth            8
   d - Glaciate                       Conjuration/Ice              9
   e - Fire Storm                     Conjuration/Fire             9
Miscellaneous
 q - a plain deck of wonders
 S - a phial of floods
Comestibles
 f - 3 bread rations


   Skills:
 * Level 14.9(19.9) Fighting
 + Level 10.2(15.2) Axes
 + Level 11.7(16.7) Armour
 - Level 4.1(9.1) Dodging
 - Level 0.6(5.6) Stealth
 + Level 8.4(13.4) Shields


You had 12 spell levels left.
You didn't know any spells.

Dungeon Overview and Level Annotations

Branches:
Dungeon (13/15)            Temple (1/1) D:7            Lair (0/8) D:10
    Orc (2/2) D:10
    Elf: Orc:2       Vaults: D:13-14

Altars:
Ashenzari
Cheibriados
Dithmenos
Elyvilon
Fedhas
Gozag
Kikubaaqudgha
Makhleb
Nemelex Xobeh
Okawaru
Pakellas
Qazlal
Ru
Sif Muna
Trog
Vehumet
Xom
Yredelemnul
Zin
The Shining One
Beogh

Shops:
D:6 *   D:7 (   D:12 !   Orc:2 (}

Annotations:
D:7 exclusion: statue


Innate Abilities, Weirdness & Mutations

You are under a permanent stasis effect.
You can dig through walls and to a lower floor.
Your four strong arms can wield two-handed weapons with a shield.
((You have a pair of large antennae on your head (SInv).))
You possess an exceptional clarity of mind.


Message History

The orc sorcerer gestures at you while chanting.
You easily resist.
You hit the orc knight but do no damage.
The orc knight is heavily wounded.
You block the orc's attack.
The ynoxinul gestures.
The orc knight hits you with a great mace of protection.
* * * LOW HITPOINT WARNING * * *
You barely miss the orc knight.
The orc knight is heavily wounded.
The orc sorcerer hits you but does no damage.
You whack the orc knight! You freeze the orc knight.
The orc knight is severely wounded.
The orc hits you but does no damage.
You hit the orc knight. You freeze the orc knight.
The orc knight is severely wounded.
The orc sorcerer hits you with a dagger.
* * * LOW HITPOINT WARNING * * *
The orc knight hits you with a great mace of protection!
You die... ..... ...# ⌠oo# ooo# {ooo#

### #o####.#
#.. #oo355.+
.o{ #.. #♣#
....##'##o# ##
........(.# #.
##'###)###..###
...... #)#
....# .....##
#.###....#
#.....#
##'#....#
###.....#
##..)..######.#
..#...
##..........#.#
##....


You could see an orc knight, a ynoxinul, an orc sorcerer, 3 orc warriors, an orc
wizard, 4 orcs and 2 ufetubi.

Vanquished Creatures
  Erolcha (D:8)
  A hydra (D:11)
  A deep elf mage (D:13)
  5 orc knights
  2 ugly things
  A manticore (D:9)
  2 orc sorcerers (Orc:2)
  3 cyclopes
  A komodo dragon (D:12)
  3 trolls
  A two-headed ogre (D:8)
  Sigmund (D:2)
  2 vampires
  2 wyverns
  A human (D:7)
  10 yaks
  2 hogs (D:7)
  2 wraiths
  2 hippogriffs
  3 wargs
  2 mottled dragons
  2 hungry ghosts
  A water moccasin (D:13)
  2 porcupines (D:13)
  2 sky beasts
  5 ice beasts
  21 orc warriors
  2 eyes of draining
  A necrophage (D:11)
  2 phantoms
  11 ogres
  6 centaurs
  3 big kobolds
  An elf zombie (Ossuary)
  7 giant frogs
  3 scorpions (D:5)
  28 killer bees
  7 wights
  5 howler monkeys
  A centaur zombie (Ossuary)
  7 crimson imps
  2 giant frog zombies
  2 quasits
  4 jellies
  6 centaur skeletons
  4 human zombies
  16 orc priests
  2 giant frog skeletons
  11 hounds
  17 orc wizards
  3 iguanas
  11 worker ants
  8 sheep
  3 big kobold zombies (Ossuary)
  2 hound zombies
  2 hound skeletons
  3 mummies (Ossuary)
  2 howler monkey skeletons
  7 gnolls
  12 adders
  3 shadow imps (D:12)
  An ooze (D:1)
  6 adder zombies
  6 adder skeletons
  2 worms
  4 dart slugs
  6 giant geckos
  82 orcs
  3 ball pythons
  7 giant cockroaches
  7 hobgoblins
  3 jackals (D:8)
  30 kobolds
  4 quokkas
  6 bats
  2 giant newts
  14 goblins
  6 goblin zombies
  3 hobgoblin zombies (Ossuary)
  2 jackal zombies (Ossuary)
  2 kobold zombies (Ossuary)
  A quokka skeleton (D:6)
  8 quokka zombies
  11 rats
  5 rat zombies (Ossuary)
506 creatures vanquished.

Vanquished Creatures (others)
  3 plants (D:10)
3 creatures vanquished.

Grand Total: 509 creatures vanquished

Notes
Turn   | Place    | Note
--------------------------------------------------------------
     0 | D:1      | PossumBlood the Formicid Fighter began the quest for the Orb.
     0 | D:1      | Reached XP level 1. HP: 18/18 MP: 1/1
    39 | D:1      | Reached XP level 2. HP: 18/24 MP: 2/2
   285 | D:1      | Reached XP level 3. HP: 30/30 MP: 3/3
   378 | D:1      | Reached skill level 4 in Fighting
   610 | D:2      | Reached XP level 4. HP: 28/37 MP: 4/4
   716 | D:2      | Found a deep blue altar of Sif Muna.
   974 | D:2      | Found a bloodstained altar of Trog.
  1085 | D:2      | Found an oddly glowing altar of Pakellas.
  1090 | D:2      | Noticed Sigmund
  1107 | D:2      | Killed Sigmund
  1107 | D:2      | Reached XP level 5. HP: 15/43 MP: 5/5
  1107 | D:2      | Reached XP level 6. HP: 17/50 MP: 6/6
  1705 | D:3      | Reached skill level 5 in Fighting
  2203 | D:4      | Found a burning altar of Makhleb.
  2293 | D:4      | Found a shadowy altar of Dithmenos.
  2300 | D:4      | Reached XP level 7. HP: 56/56 MP: 7/7
  2335 | D:4      | Reached skill level 5 in Armour
  2366 | D:4      | HP: 2/56 [orc/falchion (3)]
  2929 | D:5      | Entered Level 5 of the Dungeon
  3098 | D:5      | Found a sparkling altar of Nemelex Xobeh.
  3123 | D:5      | Reached skill level 6 in Fighting
  3270 | D:5      | Reached XP level 8. HP: 64/64 MP: 8/8
  3536 | D:5      | Found a stormy altar of Qazlal.
  3696 | D:5      | Found a blossoming altar of Fedhas.
  3856 | D:6      | Found a sand-covered staircase.
  3869 | Ossuary  | Entered an ossuary
  3986 | Ossuary  | Reached skill level 5 in Axes
  4031 | Ossuary  | Reached skill level 7 in Fighting
  4263 | D:6      | Found an ancient bone altar of Kikubaaqudgha.
  4326 | D:6      | Reached XP level 9. HP: 63/72 MP: 9/9
  4492 | D:6      | Found Ehuser's Assorted Antiques.
  4497 | D:6      | Bought a diamond ring for 135 gold pieces
  4497 | D:6      | Bought a scroll of identify for 54 gold pieces
  4515 | D:6      | Reached skill level 8 in Fighting
  4557 | D:6      | You fall through a shaft for 2 floors!
  4631 | D:8      | Found an opulent altar of Gozag.
  4718 | D:8      | Noticed Erolcha
  4728 | D:8      | Killed Erolcha
  4728 | D:8      | Reached skill level 9 in Fighting
  5042 | D:8      | Reached XP level 10. HP: 81/84 MP: 10/10
  5280 | D:8      | Reached skill level 10 in Fighting
  5589 | D:7      | Found a radiant altar of Vehumet.
  5648 | D:7      | Found a staircase to the Ecumenical Temple.
  5669 | Temple   | Entered the Ecumenical Temple
  5734 | Temple   | Became a worshipper of Warmaster Okawaru
  6631 | D:7      | Reached * piety under Okawaru
  6931 | D:7      | Reached skill level 11 in Fighting
  7031 | D:7      | Found Zethedar's Antique Weapon Boutique.
  7777 | D:8      | Reached ** piety under Okawaru
  7904 | D:9      | Found a snail-covered altar of Cheibriados.
  7948 | D:9      | Reached XP level 11. HP: 69/93 MP: 11/11
  8343 | D:9      | Noticed a manticore
  8350 | D:9      | Killed a manticore
  8350 | D:9      | Reached skill level 12 in Fighting
  8351 | D:9      | Reached *** piety under Okawaru
  8552 | D:9      | Got a smoking whip
  8555 | D:9      | Identified the +4 whip of Fumud {freeze, MP+9 Str+2} (You found it on level 9 of the Dungeon)
  9237 | D:10     | Entered Level 10 of the Dungeon
  9693 | D:10     | Found a staircase to the Orcish Mines.
 10016 | D:10     | Reached **** piety under Okawaru
 10030 | D:10     | Found a staircase to the Lair.
 10438 | D:11     | Reached skill level 10 in Armour
 10714 | D:11     | Reached skill level 5 in Shields
 10758 | D:11     | Noticed a purple ugly thing
 10778 | D:11     | Killed a purple ugly thing
 10778 | D:11     | Reached skill level 13 in Fighting
 11269 | D:11     | Reached XP level 12. HP: 94/105 MP: 12/12
 11289 | D:11     | Reached ***** piety under Okawaru
 11573 | D:11     | Noticed a four-headed hydra
 11590 | D:11     | Killed a four-headed hydra
 12374 | D:11     | Received a gift from Okawaru
 12563 | D:12     | Found Ewiagh's Distillery.
 12571 | D:12     | Bought a potion of heal wounds for 70 gold pieces
 12571 | D:12     | Bought a potion of heal wounds for 70 gold pieces
 12571 | D:12     | Bought a potion of heal wounds for 70 gold pieces
 12571 | D:12     | Bought a potion of curing for 42 gold pieces
 12571 | D:12     | Bought a potion of curing for 42 gold pieces
 13080 | D:12     | Found a flagged portal.
 13098 | Bailey   | Entered a bailey
 14472 | D:12     | Found an oddly glowing altar of Pakellas.
 14473 | D:12     | Noticed a five-headed hydra
 14657 | D:13     | Reached skill level 14 in Fighting
 15731 | Orc:1    | Entered Level 1 of the Orcish Mines
 16434 | Orc:1    | Found a roughly hewn altar of Beogh.
 16448 | Orc:1    | Received a gift from Okawaru
 16467 | Orc:1    | Reached XP level 13. HP: 71/114 MP: 13/13
 16676 | Orc:2    | Entered Level 2 of the Orcish Mines
 17112 | Orc:2    | Found a roughly hewn altar of Beogh.
 17148 | Orc:2    | Reached skill level 10 in Axes
 17909 | Orc:2    | Found Dyschey's Gadget Boutique.
 18227 | Orc:2    | Found Ekytaisa's Antique Weapon Shop.
 18608 | Orc:2    | Gained mutation: You are frail (-10% HP). [potion of mutation]
 18608 | Orc:2    | Lost mutation: You are frail (-10% HP). [potion of mutation]
 18608 | Orc:2    | Gained mutation: You possess an exceptional clarity of mind. [potion of mutation]
 18625 | Orc:2    | Mangled by an orc knight

Skill      XL: |  1  2  3  4  5  6  7  8  9 10 11 12 13 |
---------------+----------------------------------------+-----
Armour         | 4 5 6 7 9 10 11 | 11.7
Fighting       | 4 5 6 7 9 11 13 14 | 14.9
Dodging        | 2 3 4 |  4.1
Axes           | 3 4 5 6 7 9 10 | 10.2
Shields        | 5 7 8 |  8.4
Stealth        | |  0.6

Action                   |  1- 3 |  4- 6 |  7- 9 | 10-12 | 13-15 || total
-------------------------+-------+-------+-------+-------+-------++-------
Melee: War axe           |    47 |   209 |   445 |   377 |       ||  1078
       Whip              |       |       |       |  1054 |   379 ||  1433
Throw: Tomahawk          |       |       |       |       |     3 ||     3
Invok: Heroism           |       |       |       |     5 |     4 ||     9
 Abil: Dig               |       |       |       |     1 |       ||     1
  Use: Potion            |       |     1 |     5 |    11 |    10 ||    27
       Scroll            |       |     4 |     8 |    12 |     2 ||    26
  Eat: Bread ration      |       |     2 |     2 |     3 |     1 ||     8
       Fruit             |       |       |       |     8 |       ||     8
       Beef jerky        |       |       |       |     4 |       ||     4
       Royal jelly       |       |       |       |     1 |       ||     1
       Pizza             |       |       |       |     7 |       ||     7
       Meat ration       |       |       |       |     1 |       ||     1
Armor: Scale mail        |    26 |    54 |    97 |    98 |       ||   275
       Plate armour      |       |       |       |   449 |    95 ||   544
       Skin              |       |       |       |       |    17 ||    17
Dodge: Dodged            |    13 |    98 |   240 |   902 |   163 ||  1416
Block: Shield            |    33 |   119 |   241 |   992 |   203 ||  1588
